 Dungeon Crawl Stone Soup version 0.24.0-123-gd5b16e6ec5 (webtiles) character file.

Game seed: 2767963015161668079, levelgen mode: deterministic

21 falkbn the Chiller (level 3, -1/24 HPs)
             Began as a Human Ice Elementalist on Jan 22, 2020.
             Killed from afar by Jessica (6 damage)
             ... with a puff of flame
             ... on level 2 of the Dungeon.
             The game lasted 00:08:38 (786 turns).

falkbn the Chiller (Human Ice Elementalist)          Turns: 786, Time: 00:08:39

Health: -1/24      AC:  4    Str:  8    XL:     3   Next: 5%
Magic:  0/6        EV: 12    Int: 16    God:
Gold:   67         SH:  0    Dex: 13    Spells: 4/7 levels left

rFire    . . .     SeeInvis .   c - +0 dagger
rCold    . . .     Gourm    .   (no shield)
rNeg     . . .     Faith    .   a - +0 robe
rPois    .         Spirit   .   e - +0 helmet
rElec    .         Reflect  .   (no cloak)
rCorr    .         Harm     .   (no gloves)
MR       .....                  (no boots)
Stlth    ++........             (no amulet)
HPRegen  0.08/turn              p - +1 ring of protection
MPRegen  0.10/turn              (no ring)

@: no status effects
A: no striking features
a: no special abilities


You were on level 2 of the Dungeon.
You were very full.

You visited 1 branch of the dungeon, and saw 2 of its levels.

You collected 67 gold pieces.

Inventory:

Hand Weapons
 c - a +0 dagger (weapon)
 g - a +0 short sword
 h - a +0 club
 i - a +0 club
 j - a +0 short sword
Missiles
 f - 22 arrows (quivered)
 m - 10 bolts
Armour
 a - a +0 robe (worn)
 d - a +0 helmet
 e - a +0 helmet (worn)
 l - a +0 scale mail
 q - a +0 chain mail
Jewellery
 p - a +1 ring of protection (left hand)
Scrolls
 k - a scroll of identify
 o - a scroll of teleportation {unknown}
Comestibles
 b - 3 chunks of flesh
 n - 2 rations


   Skills:
 + Level 2.0 Dodging
 + Level 2.2 Stealth
 + Level 2.5 Spellcasting
 + Level 1.1 Conjurations
 + Level 3.4 Ice Magic


You had 4 spell levels left.
You knew the following spells:

 Your Spells              Type           Power        Failure   Level  Hunger
a - Freeze                Ice            ##..         4%          1    #......
b - Throw Frost           Conj/Ice       #.....       12%         2    ##.....

Your spell library contained the following spells:

 Spells                   Type           Power        Failure   Level  Hunger
 Ozocubu's Armour         Chrm/Ice       #.......     30%         3    ###....
 Throw Icicle             Conj/Ice       #.......     61%         4    #####..
 Summon Ice Beast         Ice/Summ       #.......     69%         4    #####..


Dungeon Overview and Level Annotations

Branches:
Dungeon (2/15)

Altars:

Annotations:
D:2 Jessica


Message History

Aiming: Freeze (safe; 4% risk of failure)
Press: ? - help, Shift-Dir - straight line, f - hobgoblin, p - Jessica
Aim: a hobgoblin, wielding a +0 club You freeze the hobgoblin.
You kill the hobgoblin!
Casting: Freeze (safe; 4% risk of failure)
Confirm with . or Enter, or press ? or * to list all spells.
You don't know that spell.
You closely miss Jessica.
Jessica is almost dead.
Jessica casts a spell.
Jessica blinks!
Jessica points at you and mumbles some strange words.
Pain shoots through your body!
Jessica zaps a wand.
The puff of flame hits you!
* * * LOW HITPOINT WARNING * * *
You hit Jessica.
Jessica is almost dead.
Jessica zaps a wand.
The puff of flame hits you.
You die...

.#########
.........##+###
##.............
#..............
#..............
#..............
#..............
#......@@......
#..............
#....).......!.
#.<............
##.............
#.............
#.............
###+########+#


You could see Jessica.

Vanquished Creatures
  A dart slug (D:1)
  3 bats (D:1)
  2 giant cockroaches (D:1)
  4 goblins
  3 hobgoblins
  A frilled lizard (D:1)
  3 rats (D:1)
17 creatures vanquished.

Notes
Turn   | Place    | Note
-------+----------+-------------------------------------------
     0 | D:1      | falkbn the Human Ice Elementalist began the quest for the
                  | Orb.
     0 | D:1      | Reached XP level 1. HP: 13/13 MP: 3/3
   264 | D:1      | Reached XP level 2. HP: 19/19 MP: 3/5
   273 | D:1      | Learned a level 2 spell: Throw Frost
   766 | D:2      | Noticed Jessica
   770 | D:2      | Reached XP level 3. HP: 24/24 MP: 3/6
   786 | D:2      | Killed from afar by Jessica

Levels and vault maps discovered:
D:1:      lightli_arrival_isolated_outpost, layout_basic
D:2:      layout_basic, first_ration, uniq_jessica

Action                   || total
-------------------------++-------
Melee: Dagger            ||    13
       Short sword       ||     2
 Cast: Freeze            ||    12
       Throw Frost       ||     9
  Use: Potion            ||     3
       Scroll            ||     1
  Eat: Ration            ||     2
Armor: Robe              ||     3
Dodge: Dodged            ||     9
